 Dungeon Crawl Stone Soup version 0.26.1-2-gb8aa6d0cf2 (webtiles) character file.

Game seed: 16004535943851834456

643 Elvor the Cudgeller (level 7, 0/41 HPs)
             Began as a Gargoyle Warper on Mar 4, 2021.
             Killed by divine providence
             ... invoked by an orc priest
              (13 damage)
             ... on level 4 of the Dungeon.
             The game lasted 00:40:37 (4198 turns).

Elvor the Cudgeller (Gargoyle Warper)               Turns: 4198, Time: 00:40:38

Health: 0/41       AC: 12    Str: 17    XL:     7   Next: 51%
Magic:  19/19      EV: 11    Int: 13    God:
Gold:   165        SH:  2    Dex:  9    Spells: 8/10 levels left

rFire    . . .     SeeInvis .   a - +0 mace
rCold    . . .     Faith    .   G - +0 buckler
rNeg     + . .     Spirit   .   b - +0 leather armour
rPois    ∞         Reflect  .   (no helmet)
rElec    +         Harm     .   p - +2 cloak
rCorr    .         Rampage  .   (no gloves)
Will     .....                  K - +0 pair of boots
Stlth    +.........             (no amulet)
HPRegen  0.13/turn              E - ring of magical power
MPRegen  0.16/turn              (no ring)

@: no status effects
A: negative energy resistance 1, electricity resistance, unbreathing,
petrification resistance, miasma immunity, AC +4
a: no special abilities


You were on level 4 of the Dungeon.
You visited 1 branch of the dungeon, and saw 4 of its levels.
You also visited: Sewer.

You collected 165 gold pieces.

Inventory:

Hand Weapons
 a - a +0 mace (weapon)
 m - a +0 hunting sling
 H - a +4 dire flail of protection
Missiles
 e - 4 boomerangs of dispersal
 h - 114 stones
 k - 19 poisoned darts (quivered)
 o - 49 bolts
 r - 90 sling bullets
 v - 4 javelins
Armour
 b - a +0 leather armour (worn)
 p - a +2 cloak (worn)
 q - a +0 plate armour
 s - a cursed +0 ring mail
 G - a +0 buckler (worn)
 K - a +0 pair of boots (worn)
Jewellery
 c - an uncursed amulet of faith
 E - a ring of magical power (left hand)
Scrolls
 d - a scroll of blinking
 f - 2 scrolls of fear {unknown}
 g - 2 scrolls of teleportation {unknown}
 l - 2 scrolls of identify {unknown}
 u - 3 scrolls of random uselessness {unknown}
 y - a scroll of remove curse {unknown}
 B - a scroll of immolation {unknown}
 D - a scroll of magic mapping {unknown}
 I - a scroll of fog {unknown}
 J - a scroll of enchant weapon {unknown}
Potions
 i - 6 potions of heal wounds {unknown}
 j - 4 potions of curing {unknown}
 n - 2 potions of berserk rage {unknown}
 t - a potion of ambrosia {unknown}
 w - a potion of degeneration {unknown}
 x - 3 potions of might {unknown}
 z - 5 potions of flight {unknown}
 A - a potion of attraction {unknown}
 C - 4 potions of brilliance {unknown}
 F - a potion of invisibility {unknown}


   Skills:
 + Level 3.1 Fighting
 * Level 5.6 Maces & Flails
 + Level 2.6(2.7) Throwing
 + Level 2.5 Armour
 + Level 2.7 Dodging
 + Level 2.4 Spellcasting
 + Level 3.3 Translocations


You had 8 spell levels left.
You knew the following spells:

 Your Spells              Type           Power        Failure   Level
a - Blink                 Tloc           N/A          19%         2

Your spell library contained the following spells:

 Spells                   Type           Power        Failure   Level
 Gell's Gravitas          Tloc           5%           36%         3
 Lesser Beckoning         Tloc           5%           36%         3
 Teleport Other           Tloc           10%          36%         3
 Foxfire                  Conj/Fire      4%           43%         1
 Passage of Golubria      Tloc           N/A          77%         4
 Conjure Flame            Conj/Fire      1%           82%         3
 Inner Flame              Hex/Fire       1%           82%         3
 Sticky Flame             Conj/Fire      1%           99%         4
 Fireball                 Conj/Fire      0%           100%        5


Dungeon Overview and Level Annotations

Branches:
Dungeon (4/15)              Sewer (visited)
 Temple: D:4-7

Altars:


Innate Abilities, Weirdness & Mutations

You are resistant to torment.
Your stone body is resilient. (AC +4)
You are immune to poison.
You resist negative energy. (rN+)
You are resistant to electric shocks. (rElec)
You can survive without breathing.
You are immune to petrification.
You are immune to miasma.


Message History

You barely miss the orc.
The orc priest looks braver for a moment.
You barely miss the orc.
The orc hits you with a +2 flail of protection.
* * * LOW HITPOINT WARNING * * *
You hit the orc.
The orc is almost dead.
The orc looks more healthy.
The orc priest casts a cantrip, but nothing happens.
The orc closely misses you.
You hit the orc priest.
The orc priest is almost dead.
You kill the orc priest!
The orc priest miscasts a cantrip.
You block the orc's attack.
The orc wizard mumbles some strange words.
The orc wizard seems to speed up.
The orc priest invokes the aid of Beogh against you.
Beogh smites you!
You die...

#........#
#........#
#........####
#............
#######......
############......
#.................
#.###.............
#@# #.#####.......
#.# #.# #.......
#.###.#####.######
#oo.......... ..
#)###.###.... ..


#oo ..# ..... # .(. ..... .((.# .....# You could see an orc priest, an orc
wizard (fast) and 2 orcs.

Vanquished Creatures
  Edmund (D:3)
  An ogre (D:4)
  2 jellies (D:3)
  An orc priest (D:4)
  A hound (D:2)
  A worker ant (D:4)
  5 adders
  7 river rats (Sewer)
  8 oozes (D:3)
  6 worms
  2 dart slugs (D:2)
  6 leopard geckos
  4 orcs (D:3)
  5 ball pythons
  6 giant cockroaches
  8 hobgoblins
  9 jackals
  A quokka (D:2)
  6 bats
  3 frilled lizards
  10 goblins
  A jackal zombie (D:3)
  27 kobolds
  A quokka skeleton (D:4)
  25 rats
147 creatures vanquished.

Vanquished Creatures (others)
  4 toadstools (D:3)
4 creatures vanquished.

Grand Total: 151 creatures vanquished

Notes
Turn   | Place    | Note
-------+----------+-------------------------------------------
     0 | D:1      | Elvor the Gargoyle Warper began the quest for the Orb.
     0 | D:1      | Reached XP level 1. HP: 12/12 MP: 3/3
   220 | D:1      | Reached XP level 2. HP: 10/17 MP: 5/5
   223 | D:1      | Learned a level 2 spell: Blink
   687 | D:2      | Reached skill level 1 in Throwing
   687 | D:2      | Reached XP level 3. HP: 11/21 MP: 6/6
   943 | D:2      | Reached skill level 3 in Maces & Flails
   943 | D:2      | Reached XP level 4. HP: 27/27 MP: 4/7
  1762 | D:3      | Reached XP level 5. HP: 31/31 MP: 8/8
  1828 | D:3      | Reached skill level 4 in Maces & Flails
  1969 | D:3      | Reached XP level 6. HP: 35/36 MP: 9/9
  2021 | D:3      | Found a glowing drain.
  2038 | Sewer    | Entered a sewer
  2415 | Sewer    | Reached skill level 5 in Maces & Flails
  3060 | D:4      | Noticed Edmund
  3129 | D:3      | Killed Edmund
  3130 | D:3      | Reached XP level 7. HP: 26/41 MP: 5/10
  4198 | D:4      | Killed from afar by an orc priest

Illustrated notes

Levels and vault maps discovered:
D:1:      lemuel_arrival_broad_hall, layout_loops_ring, st_stairs_4
D:2:      layout_basic
D:3:      cheibrodos_fertilizer, layout_loops_cross, gup_sewer_entry_pipe
D:4:      layout_basic, uniq_menkaure, uniq_edmund

Skill      XL: |  1  2  3  4  5  6 |
---------------+-------------------+-----
Translocations | 3 |  3.3
Throwing       | 1 2 |  2.6
Maces & Flails | 3 4 5 |  5.6
Dodging        | 2 |  2.7
Armour         | 2 |  2.5
Fighting       | 3 |  3.1
Spellcasting   | |  2.4

Action                   |  1- 3 |  4- 6 |  7- 9 || total
-------------------------+-------+-------+-------++-------
Melee: Mace              |   102 |   344 |    44 ||   490
 Fire: Hunting sling     |     2 |       |       ||     2
Throw: Dart              |    20 |    58 |    13 ||    91
       Boomerang         |     1 |       |       ||     1
       Javelin           |       |    11 |     1 ||    12
 Cast: Blink             |     1 |     8 |     2 ||    11
Armor: Leather armour    |    67 |   154 |    18 ||   239
Dodge: Dodged            |    97 |   229 |    28 ||   354
Block: Buckler           |       |       |     5 ||     5
